 Dungeon Crawl Stone Soup version 0.26.1-11-gd32895ea62 (webtiles) character file.

Game seed: 13678913086758678972

550778 Exodus22XD the Hoplite (level 25, -6/228 HPs)
             Began as a Hill Orc Monk on May 1, 2021.
             Was the Champion of Beogh.
             Killed from afar by a hellion (34 damage)
             ... with damnation
             ... on level 2 of Gehenna on May 2, 2021.
             The game lasted 07:45:40 (65443 turns).

Exodus22XD the Hoplite (Hill Orc Monk)             Turns: 65443, Time: 07:45:41

Health: -6/228     AC: 31    Str: 30    XL:     25   Next: 66%
Magic:  36/36      EV: 11    Int:  6    God:    Beogh [******]
Gold:   5855       SH:  0    Dex: 19    Spells: 24/24 levels left

rFire    + + +     SeeInvis +   M - +18 lance "Wyrmbane" {slay drac, rPois rF+ rC+ AC+3}
rCold    + + .     Faith    .   J - +2 kite shield {rC+}
rNeg     + + +     Spirit   .   T - +1 chain mail {rF+}
rPois    +         Reflect  +   b - +0 helmet {SInv}
rElec    +         Harm     .   B - +1 cloak {Will+}
rCorr    +         Rampage  .   n - +2 pair of gloves
Will     ++...                  F - +0 pair of boots
Stlth    ..........             H - amulet "Humo" {Reflect rN+++ Str+4 Int-4 SH+5}
HPRegen  0.48/turn              h - ring of resist corrosion
MPRegen  0.25/turn              V - ring "Lueto" {rElec rF+ Dex+4}

@: confused, very slightly contaminated, studying Evocations, invisible
A: walk on water, hooves 1, slimy green scales 1, agile 1, mutation resistance 1
}: 4/15 runes: decaying, slimy, silver, gossamer
a: Renounce Religion, Smiting, Recall Orcish Followers, Give Item to Named
Follower, Resurrection


You were on level 2 of Gehenna.
You worshipped Beogh.
Beogh was exalted by your worship.
You visited 10 branches of the dungeon, and saw 49 of its levels.
You also visited: Ossuary, Gauntlet and Ice Cave.

You collected 7444 gold pieces.
You spent 1589 gold pieces at shops.

Inventory:

Hand Weapons
 C - the cursed +0 battleaxe "Cumioty" {speed, rElec rF+++ rC+ Int-3}
   (You found it on level 5 of the Pits of Slime)

   Attacks with this weapon are significantly faster.
   It affects your intelligence (-3).
   It renders you almost immune to fire.
   It protects you from cold.
   It insulates you from electricity.
   It has a curse placed upon it.
 L - a +5 vorpal broad axe
 M - the +18 lance "Wyrmbane" (weapon) {slay drac, rPois rF+ rC+ AC+3}
   (You found it on level 4 of the Lair of Beasts)

   It affects your AC (+3).
   It protects you from fire.
   It protects you from cold.
   It protects you from poison.
Armour
 b - a +0 helmet of see invisible (worn)
 n - a +2 pair of gloves (worn)
 u - a +0 tower shield
 z - +1 gold dragon scales
 B - a +1 cloak of willpower (worn)
 F - a +0 pair of boots (worn)
 J - a +2 kite shield of cold resistance (worn)
 T - a +1 chain mail of fire resistance (worn)
Jewellery
 c - an uncursed ring of protection from cold
 h - a ring of resist corrosion (left hand)
 A - a +4 ring of slaying
 H - the amulet "Humo" (around neck) {Reflect rN+++ Str+4 Int-4 SH+5}
   (You found it on level 2 of the Vaults)

   [amulet of reflection]

   It shields you and reflects attacks.
   It affects your strength (+4).
   It affects your intelligence (-4).
   It renders you almost immune to negative energy.
   It affects your SH (+5).
 V - the ring "Lueto" (right hand) {rElec rF+ Dex+4}
   (You found it in a Gauntlet)

   [ring of protection from fire]

   It affects your dexterity (+4).
   It protects you from fire.
   It insulates you from electricity.
 X - the ring "Cecim" {+Fly Str+4}
   (You found it on level 3 of the Spider Nest)

   [ring of flight]

   It affects your strength (+4).
   It lets you fly.
Wands
 a - a wand of iceblast (69)
 r - a wand of disintegration (6)
 s - a wand of digging (45)
 K - a wand of paralysis (52)
 U - a wand of acid (28)
Scrolls
 e - 8 scrolls of identify
 g - 9 scrolls of immolation
 i - 6 scrolls of fog
 o - 2 scrolls of enchant weapon
 p - 17 scrolls of remove curse
 t - 14 scrolls of teleportation
 x - 9 scrolls of magic mapping
 y - 8 scrolls of fear
 E - 13 scrolls of enchant armour
 O - a scroll of holy word
 P - a scroll of brand weapon
 Q - 4 scrolls of vulnerability
 S - 3 scrolls of torment
 Z - a scroll of silence
Potions
 d - 3 potions of magic
 f - 8 potions of curing
 j - 7 potions of flight
 k - a potion of ambrosia
 q - 3 potions of might
 v - 6 potions of mutation
 w - 4 potions of cancellation
 I - 2 potions of invisibility
 N - 4 potions of lignification
 R - 4 potions of haste
 Y - a potion of resistance
Books
 D - a manual of Evocations
Miscellaneous
 l - a phantom mirror
 W - a condenser vane


   Skills:
 + Level 19.2 Fighting
 - Level 16.4(21.6) Axes
 - Level 0.6(9.4) Maces & Flails
 * Level 20.4(21.7) Polearms
 * Level 19.2 Armour
 - Level 2.4 Dodging
 - Level 1.9 Stealth
 - Level 24.7 Shields
 - Level 19.5 Invocations
 * Level 7.2 Evocations


You had 24 spell levels left.
You didn't know any spells.
Your spell library was empty.

Dungeon Overview and Level Annotations

Branches:
Dungeon (15/15) Temple (0/1) D:5 Lair (6/6) D:9 Swamp (4/4) Lair:4 Spider (4/4) Lair:4 Slime (5/5) Lair:5 Orc (2/2) D:9 Elf (0/3) Orc:1 Orc:2 Vaults (5/5) D:13 Crypt (0/3) Vaults:3 Depths (5/5) D:15 Hell (visited) Geh (2/7) Hell Zot (0/5) Depths:5 Ossuary (visited) IceCv (visited) Gauntlet (visited) Dis: Hell:1 Coc: Hell:1 Tar: Hell:1

Altars:
Dithmenos
Elyvilon
Fedhas
Gozag
Kikubaaqudgha
Makhleb
Qazlal
Ru
Trog
Uskayaw
Vehumet
Wu Jian
Xom
Yredelemnul
The Shining One
Beogh

Shops:
D:6 [   D:15 ?   Orc:2 !?([   Vaults:4 [

Portals:
Hell: Depths:1 Depths:2 Depths:3 Depths:4 Depths:5
Abyss: Depths:1 Depths:2 Depths:4
Pandemonium: Depths:3
Ziggurat: Depths:5
Trove: D:12 (give 3 potions of resistance)

Annotations:
Lair:6 exclusion: 4 oklob plants
Depths:5 3 runed translucent doors


Innate Abilities, Weirdness & Mutations

You can walk on water.
You have large cloven feet.
You are partially covered in slimy green scales. (AC +2)
You are agile. (Dex +2)
You are somewhat resistant to further mutation.


Message History

Hawl blocks the hell knight's attack.
The hell knight hits you with a +2 war axe of flaming.
* * * LOW HITPOINT WARNING * * *
The hell knight gestures at Hawl while chanting.
Hawl resists with some effort.
Wardok hits the hell knight from afar with a +2 halberd of freezing!!!
Wardok freezes the hell knight.
The hell knight dies!
Beogh accepts your kill.
A freezing mist starts to gather...
A hell knight simulacrum comes into view.
Hawl roars a battlecry!
Wardok goes into a battle-frenzy!
Wardok closely misses the hell knight simulacrum.
The hellion gestures at the hell knight simulacrum.
The sphere of damnation explodes!
The damnation engulfs the hell knight simulacrum!!
The damnation engulfs the hell knight!!
The damnation engulfs Hawl!!
The damnation engulfs you!!
You die...

# ##.# .#######..##
...........#
...........##
.....8......######
..8..∩Z.8...ZZ##.##
.....Zz.....2ppZoo#
○..5.Zz.....Z###@##
.8∩°W8n.>8..§#≈###
....2.W...Z.....
..pZ☼WZ.......n.
.p8.☼zW.8.....##
...Ep8..Z.....#
p..........#Z.#
#.........≈≈..#
..#..≈.......##


You could see 2 hell knights, a hellion, a hell knight simulacrum, a
seven-headed hydra skeleton, a golden dragon skeleton, the friendly Hawl the orc
warlord (strong) and the friendly Wardok the orc warlord (strong).

Vanquished Creatures
  the Royal Jelly (Slime:5)
  An ancient lich (Vaults:5)
  Mennas (Vaults:2)
  Boris (Vaults:4)
  Nikola (Vaults:2)
  A caustic shrike (Depths:3)
  6 golden dragons
  A Brimstone Fiend (Geh:1)
  3 tentacled monstrosities
  3 liches
  Rupert (D:15)
  5 titans
  2 quicksilver dragons
  Frances (Swamp:1)
  24 acid blobs
  Kirke (Swamp:2)
  A sphinx (Depths:3)
  4 storm dragons
  3 tengu reavers
  12 azure jellies
  Agnes (Spider:1)
  3 shadow dragons
  6 fire giants
  3 iron dragons (Vaults:5)
  3 orc warlords
  A ghost moth (Spider:3)
  6 vault wardens
  8 frost giants
  A draconian knight (Depths:5)
  Louise (Depths:1)
  A draconian annihilator (Depths:5)
  A balrug (Geh:1)
  5 ironheart preservers
  3 war gargoyles
  2 reapers (Geh:2)
  12 stone giants
  4 very ugly things
  A vampire knight (Depths:5)
  4 green draconians (Depths:5)
  A deep elf demonologist (Depths:3)
  A black draconian (Depths:5)
  2 bunyips
  2 entropy weavers
  A lorocyproca (Depths:3)
  2 purple draconians (Depths:5)
  A spark wasp (Depths:2)
  2 yellow draconians (Depths:5)
  A minotaur (Gauntlet)
  2 red draconians (Depths:5)
  7 ettins
  A white draconian (Depths:5)
  A deep elf annihilator (Vaults:5)
  A green death (Hell)
  2 blizzard demons
  2 eleionomae (Swamp:2)
  A quicksilver dragon zombie (Geh:1)
  10 death oozes
  9 fire dragons
  A deep elf death mage (Vaults:3)
  15 hydras
  28 vault guards
  A rakshasa (Vaults:1)
  3 deep elf high priests
  3 great orbs of eyes
  17 yaktaur captains
  4 ice dragons
  A boulder beetle (Vaults:5)
  A quicksilver dragon skeleton (Geh:1)
  4 centaur warriors
  3 spriggan air magi
  20 two-headed ogres
  Erica (D:8)
  6 death yaks
  7 ogre magi
  8 alligators
  7 deep troll earth magi
  3 hell hogs
  2 deep troll shamans
  7 tengu warriors
  2 titan zombies (Geh:1)
  A small abomination (Depths:2)
  A storm dragon zombie (Geh:2)
  9 spriggan berserkers
  3 deep elf knights
  13 hell knights
  2 sun demons (Depths:2)
  7 skeletal warriors
  3 unseen horrors
  3 fire crabs (Swamp:4)
  2 shadow wraiths
  2 goliath frogs (Swamp:3)
  A death drake (shapeshifter) (Depths:3)
  5 glowing orange brains
  A bog body (Swamp:4)
  4 flayed ghosts
  2 spriggan druids
  A glowing orange brain (shapeshifter) (Vaults:3)
  23 deep trolls
  6 swamp dragons
  8 ironbrand convokers
  Pikel (D:6)
  A deep elf archer (Vaults:2)
  2 harpies
  A golden dragon zombie (Geh:1)
  4 deep elf magi
  A swamp dragon (shapeshifter) (Depths:2)
  2 wizards
  2 orc knights
  3 phantasmal warriors
  7 necromancers
  An anaconda skeleton (Geh:1)
  A golden dragon skeleton (Geh:2)
  A stone giant zombie (Geh:1)
  4 orc sorcerers
  7 wolf spiders
  4 cyclopes
  A manticore (D:15)
  A worldbinder (Gauntlet)
  19 ugly things
  8 orb spiders
  5 shining eyes
  A fire giant zombie (Geh:1)
  A will-o-the-wisp (Swamp:4)
  3 rust devils
  A sphinx skeleton (Vaults:1)
  2 ice statues
  A moth of wrath (shapeshifter) (Vaults:2)
  8 elephants
  2 frost giant skeletons (Geh:1)
  An apocalypse crab (Gauntlet)
  A dire elephant skeleton (Geh:1)
  3 black mambas
  2 vault sentinels
  A dire elephant zombie (Geh:1)
  An eye of devastation (Slime:5)
  A torpor snail (Spider:2)
  A stone giant skeleton (Vaults:1)
  A gargoyle (D:10)
  A shock serpent skeleton (Geh:1)
  An orange demon (Depths:3)
  3 hellions
  A yaktaur (shapeshifter) (Depths:1)
  4 rime drakes
  A cane toad (shapeshifter) (D:14)
  8 cane toads
  27 yaktaurs
  2 efreet
  2 komodo dragons (shapeshifter)
  2 freezing wraiths
  2 ice devils
  2 tormentors
  7 demonic crawlers
  A kobold demonologist (Depths:4)
  8 komodo dragons
  4 red devils
  2 hydra zombies (Geh:1)
  5 tengu conjurers
  2 trolls
  5 tyrant leeches
  8 jumping spiders
  20 polar bears
  Prince Ribbit (D:5)
  2 meliai (D:14)
  8 hornets
  2 hydra skeletons (Geh:2)
  2 blink frogs (Lair:2)
  A slime creature (shapeshifter) (Vaults:5)
  63 slime creatures
  A blink frog (shapeshifter) (Vaults:4)
  2 dream sheep
  7 shadows
  6 flying skulls
  A water elemental (Depths:5)
  4 wyverns
  13 spriggans
  A ynoxinul (Depths:3)
  A human (D:13)
  27 redbacks
  10 tarantellas
  3 hogs (Swamp:2)
  31 yaks
  6 wraiths
  2 fire elementals
  A golden eye (Slime:5)
  A basilisk (Lair:3)
  4 steam dragons (Swamp:4)
  9 swamp worms
  7 wargs
  2 acid dragons
  18 hell hounds
  A floating eye (Depths:3)
  12 water moccasins
  An ogre skeleton (Vaults:1)
  An acid dragon (shapeshifter) (Vaults:3)
  A floating eye (shapeshifter) (Vaults:5)
  24 orc warriors
  3 sky beasts
  An ice beast (D:9)
  7 black bears
  3 swamp drakes
  4 phantoms
  2 eyes of draining
  37 wolves
  A manticore zombie (Geh:2)
  29 ogres
  8 boggarts
  6 necrophages
  A manticore skeleton (Geh:1)
  A swamp dragon skeleton (Geh:1)
  4 lemures
  16 centaurs
  3 big kobolds
  Blork the orc (D:4)
  12 bullfrogs
  An ogre simulacrum (Vaults:1)
  A wyvern skeleton (D:14)
  Dowan (D:5)
  3 scorpions
  28 killer bees (Lair:1)
  34 wights
  3 howler monkeys
  A lava snake (Swamp:4)
  2 bullfrog zombies
  4 centaur zombies
  2 crimson imps
  A quasit (Depths:3)
  2 human simulacra
  3 human zombies
  13 orc priests
  8 hounds
  4 jellies
  A centaur skeleton (D:4)
  A bullfrog skeleton (D:9)
  9 orc wizards
  A human skeleton (Geh:2)
  Terence (D:3)
  9 worker ants
  2 big kobold zombies (Ossuary)
  A hound zombie (D:6)
  6 mummies
  10 adders
  21 gnolls
  3 shadow imps
  2 ufetubi
  3 adder zombies
  An adder skeleton (D:7)
  A dart slug (D:2)
  4 leopard geckos
  30 orcs
  9 ball pythons
  4 bats
  9 giant cockroaches
  11 goblins
  8 hobgoblins
  15 jackals
  10 kobolds
  4 quokkas
  6 frilled lizards
  A hobgoblin zombie (Ossuary)
  A kobold zombie (D:8)
  A leopard gecko skeleton (D:3)
  An orc zombie (Ossuary)
  10 rats
  A fire vortex (Swamp:4)
1377 creatures vanquished.

Vanquished Creatures (collateral kills)
  2 juggernauts (Depths:3)
  Bai Suzhen (Vaults:4)
  Boris (twice) (Vaults:5 Depths:1)
  A large abomination (Vaults:5)
  Geryon (Hell)
  2 golden dragons
  Arachne (Spider:2)
  4 tentacled monstrosities
  A lich (Depths:4)
  Jorgrun (Swamp:2)
  5 titans
  2 acid blobs (Slime:5)
  3 quicksilver dragons
  Gastronok (D:8)
  4 storm dragons
  A shadow dragon (Depths:2)
  5 tengu reavers
  Donald (Vaults:2)
  2 azure jellies (Slime:5)
  4 fire giants
  3 balrugs
  A deep elf sorcerer (Vaults:5)
  7 vault wardens
  5 frost giants
  2 emperor scorpions (Spider:4)
  5 ghost moths
  An angel (D:11)
  2 iron dragons
  A deep elf elementalist (Vaults:5)
  8 ironheart preservers
  2 spriggan defenders (Depths:3)
  2 reapers
  8 stone giants
  A war gargoyle (Vaults:5)
  A green draconian (Depths:5)
  5 very ugly things
  A vampire knight (Depths:4)
  A deep elf demonologist (Depths:2)
  2 bunyips
  A dire elephant (shapeshifter) (Vaults:5)
  4 entropy weavers
  A black draconian (Depths:5)
  A white draconian (Depths:5)
  A purple draconian (Depths:5)
  A dire elephant (Lair:6)
  An eidolon (Vaults:3)
  A deep elf death mage (Vaults:5)
  2 crystal guardians (Vaults:5)
  6 spark wasps
  3 fire dragons
  10 ettins
  An eleionoma (Swamp:3)
  2 rakshasas (Depths:2)
  3 ice dragons
  2 yaktaur captains
  3 deep elf high priests (Depths:2)
  A hell beast (Depths:4)
  10 vault guards
  A great orb of eyes (Depths:3)
  Harold (D:7)
  17 hydras
  A ghost crab (Swamp:1)
  3 spriggan air magi
  2 catoblepae (Lair:6)
  2 death knights
  4 boulder beetles
  10 ogre magi
  5 deep troll shamans
  3 centaur warriors
  6 death yaks
  A vampire mage (Depths:4)
  A satyr (shapeshifter) (Vaults:5)
  35 two-headed ogres
  3 alligators
  9 tengu warriors (Depths:2)
  3 hell hogs
  7 deep troll earth magi
  10 spriggan berserkers
  2 orc high priests
  Urug (Orc:2)
  3 deep elf knights
  6 hell knights
  A small abomination (Vaults:5)
  4 soul eaters
  2 sun demons
  A titan skeleton (Vaults:4)
  3 iron trolls
  A fire crab (shapeshifter) (Depths:4)
  12 skeletal warriors
  A spriggan druid (Swamp:2)
  A quicksilver dragon simulacrum (Depths:2)
  A swamp dragon (Swamp:2)
  22 deep trolls
  A torturous demonspawn (Depths:3)
  3 glowing orange brains
  2 bog bodies (Swamp:3)
  3 goliath frogs (Swamp:2)
  3 lindwurms
  2 flayed ghosts
  2 harpies (D:13)
  6 necromancers
  2 phantasmal warriors
  9 ironbrand convokers
  2 harpies (shapeshifter)
  8 orb spiders
  5 deep elf magi
  21 ugly things
  A frost giant zombie (Vaults:1)
  6 orc knights
  A fire giant zombie (Vaults:1)
  14 elephants
  A cyclops (Vaults:1)
  A will-o-the-wisp (Swamp:3)
  21 wolf spiders
  3 manticores
  A shining eye (Slime:5)
  3 moths of wrath (Spider:4)
  7 rust devils
  A guardian serpent (shapeshifter) (Depths:2)
  A torpor snail (Spider:1)
  A guardian serpent (D:12)
  3 black mambas
  2 smoke demons (Hell)
  A human skeleton (Vaults:3)
  4 vault sentinels
  An orange demon (Depths:3)
  A cane toad (shapeshifter) (Depths:1)
  A gargoyle (D:14)
  A rime drake (Lair:6)
  3 cane toads
  3 komodo dragons
  A storm dragon simulacrum (Vaults:4)
  A human zombie (Vaults:3)
  2 ice devils
  9 yaktaurs
  11 demonic crawlers
  3 red devils
  7 freezing wraiths
  A tengu conjurer (Depths:3)
  7 polar bears
  A meliai (D:14)
  21 jumping spiders
  A jumping spider (shapeshifter) (Depths:2)
  2 trolls (Orc:2)
  A sphinx simulacrum (Vaults:3)
  3 tyrant leeches
  20 hornets
  A polar bear (shapeshifter) (Vaults:3)
  4 blink frogs
  20 slime creatures
  2 raiju (Lair:6)
  A frost giant simulacrum (Vaults:3)
  A dream sheep (Lair:6)
  36 redbacks
  An ettin skeleton (Vaults:4)
  13 spriggans
  2 shadows
  29 tarantellas
  A redback (shapeshifter) (Vaults:2)
  25 yaks
  A vampire (D:10)
  9 wraiths
  6 basilisks
  An elf zombie (Vaults:1)
  3 wyverns
  A hog (shapeshifter) (Vaults:3)
  4 vampire mosquitoes (Lair:4)
  2 wargs
  An acid dragon (D:11)
  3 swamp worms
  13 hell hounds
  8 water moccasins
  A swamp drake (Lair:4)
  7 black bears
  19 orc warriors
  An orc zombie (Vaults:1)
  18 ogres
  An eye of draining (Slime:4)
  7 boggarts
  An ice beast (D:11)
  35 wolves
  3 centaurs
  A big kobold (D:12)
  10 bullfrogs
  3 gnoll sergeants
  17 killer bees (Lair:1)
  2 howler monkeys (D:7)
  3 wights
  A crimson imp (Depths:3)
  3 centaur zombies
  2 hounds
  A jelly (Lair:5)
  A quasit (Depths:3)
  An iron imp (Depths:3)
  10 orc priests
  A centaur skeleton (D:11)
  5 orc wizards
  3 bullfrog skeletons
  3 gnoll shamans (D:7)
  3 iguanas
  2 worker ants
  8 gnolls
  2 adders (D:9)
  A white imp (Depths:3)
  An ufetubus (Depths:3)
  3 oozes (Lair:5)
  10 orcs
  A giant cockroach (D:7)
  A goblin (shapeshifter) (Vaults:5)
  3 jackals
  2 kobolds
  4 bushes (Lair:6)
  A butterfly (Lair:4)
  A crawling corpse (Vaults:5)
  A fungus (Lair:6)
975 creatures vanquished.

Vanquished Creatures (others)
  3 orc warlords
  An ogre mage (Vaults:2)
  A hydra (Swamp:4)
  A tengu warrior (Depths:2)
  A spriggan berserker (Depths:2)
  3 orc sorcerers
  4 orc high priests
  16 orc knights
  A quicksilver dragon simulacrum (Depths:2)
  An ironbrand convoker (Vaults:5)
  A necromancer (Vaults:3)
  A bloated husk (Swamp:1)
  A polar bear (IceCv)
  3 humans (Swamp:2)
  A wraith (Geh:2)
  A hog (Swamp:2)
  2 steam dragons (Swamp:4)
  A swamp worm (Swamp:1)
  Duvessa (D:5)
  27 orc warriors
  6 swamp drakes (Swamp:4)
  A necrophage (Geh:2)
  An ogre (Vaults:2)
  A wolf (IceCv)
  4 ettin simulacra (Depths:2)
  A wight (Geh:2)
  19 orc priests
  8 orc wizards
  59 orcs
  2 bushes (Lair:6)
  8 foxfires
  83 fungi
  208 plants
472 creatures vanquished.

Grand Total: 2824 creatures vanquished

Notes
Turn   | Place    | Note
-------+----------+-------------------------------------------
     0 | D:1      | Exodus22XD the Hill Orc Monk began the quest for the Orb.
     0 | D:1      | Reached XP level 1. HP: 19/19 MP: 1/1
   137 | D:1      | Reached XP level 2. HP: 12/27 MP: 2/2
   520 | D:1      | Reached skill level 1 in Armour
   721 | D:1      | Reached XP level 3. HP: 32/33 MP: 3/3
  1261 | D:2      | Reached skill level 5 in Axes
  2043 | D:3      | Found a sacrificial altar of Ru.
  2075 | D:3      | Gained mutation: You are partially covered in slimy green
                  | scales. (AC +2) [potion of mutation]
  2075 | D:3      | Gained mutation: You are somewhat resistant to further
                  | mutation. [potion of mutation]
  2075 | D:3      | Gained mutation: You have large cloven feet. [potion of
                  | mutation]
  2075 | D:3      | Gained mutation: You are agile. (Dex +2) [potion of
                  | mutation]
  2080 | D:3      | Reached XP level 4. HP: 17/40 MP: 2/4
  2934 | D:3      | Noticed Terence
  2951 | D:3      | Killed Terence
  2952 | D:3      | Reached XP level 5. HP: 21/47 MP: 5/5
  3296 | D:4      | Noticed Blork the orc
  3319 | D:4      | Killed Blork the orc
  3671 | D:4      | Reached XP level 6. HP: 55/55 MP: 6/6
  3923 | D:4      | Reached skill level 5 in Fighting
  3923 | D:4      | Reached skill level 1 in Shields
  4156 | D:4      | Noticed a -3 dagger
  4156 | D:4      | Noticed a +0 dagger
  4159 | D:4      | Found a hide-covered altar of Uskayaw.
  4657 | D:5      | Entered Level 5 of the Dungeon
  4659 | D:5      | Noticed Duvessa
  4660 | D:5      | Became a worshipper of Beogh the Brigand
  4660 | D:5      | Reached * piety under Beogh
  4660 | D:5      | Reached ** piety under Beogh
  4660 | D:5      | Noticed Dowan
  4698 | D:5      | Killed Duvessa
  4699 | D:5      | Reached skill level 1 in Invocations
  4699 | D:5      | Reached XP level 7. HP: 20/61 MP: 7/7
  4708 | D:5      | Killed Dowan
  5142 | D:5      | Found a staircase to the Ecumenical Temple.
  5165 | D:5      | Noticed Prince Ribbit
  5202 | D:5      | Killed Prince Ribbit
  5203 | D:5      | Reached skill level 2 in Shields
  5519 | D:5      | Reached XP level 8. HP: 63/70 MP: 9/9
  5682 | D:6      | Found Sutug's Armour Shoppe.
  5687 | D:6      | Bought a +1 cloak of willpower for 198 gold pieces
  5904 | D:6      | Reached skill level 5 in Armour
  5904 | D:6      | Reached skill level 3 in Shields
  6618 | D:6      | Found a stormy altar of Qazlal.
  6813 | D:7      | Reached XP level 9. HP: 78/78 MP: 12/12
  6828 | D:7      | Reached skill level 10 in Axes
  6858 | D:7      | Noticed a two-headed ogre
  7101 | D:7      | Noticed Pikel
  7212 | D:6      | Killed Pikel
  7213 | D:6      | Reached skill level 4 in Shields
  7213 | D:6      | Reached skill level 5 in Invocations
  7434 | D:7      | Noticed Harold
  7866 | D:8      | Noticed Gastronok
  7911 | D:8      | Reached *** piety under Beogh
  8010 | D:8      | Found a sand-covered staircase.
  8019 | Ossuary  | Entered an ossuary
  8592 | D:8      | Noticed a hornet
  8607 | D:8      | Killed a hornet
  8947 | D:8      | Reached XP level 10. HP: 76/88 MP: 14/14
  9075 | D:8      | Noticed Erica
  9084 | D:8      | Killed Erica
  9338 | D:9      | Reached **** piety under Beogh
  9434 | D:9      | Gained Alork as an ally
  9696 | D:9      | Found a staircase to the Lair.
  9731 | D:9      | Reached skill level 5 in Shields
 10096 | D:9      | Found a staircase to the Orcish Mines.
 10359 | D:9      | Found a blossoming altar of Fedhas.
 10373 | D:9      | Found a basalt altar of Yredelemnul.
 10375 | D:9      | Found a bloodstained altar of Trog.
 10375 | D:9      | Found a shadowy altar of Dithmenos.
 10375 | D:9      | Found a glowing golden altar of the Shining One.
 10376 | D:9      | Found a white marble altar of Elyvilon.
 10377 | D:9      | Found a radiant altar of Vehumet.
 10379 | D:9      | Found a burning altar of Makhleb.
 10599 | D:8      | Killed Gastronok
 10600 | D:8      | Reached skill level 6 in Shields
 10696 | D:7      | Reached XP level 11. HP: 97/97 MP: 15/17
 10717 | D:7      | Killed Harold
 11081 | D:7      | Killed a two-headed ogre
 11089 | D:7      | Reached skill level 7 in Shields
 11321 | D:7      | Reached ***** piety under Beogh
 11591 | D:7      | Found a shimmering altar of Xom.
 11844 | D:10     | Entered Level 10 of the Dungeon
 11990 | D:10     | Noticed a white ugly thing
 11998 | D:10     | Killed a white ugly thing
 12129 | D:11     | Killed an unseen horror
 12421 | D:11     | Found a white marble altar of Elyvilon.
 12421 | D:11     | Found a runed translucent door.
 12421 | D:11     | Noticed an angel
 12627 | D:11     | Reached skill level 8 in Shields
 12887 | D:11     | Noticed a cyan ugly thing
 12892 | D:11     | Killed a cyan ugly thing
 13149 | D:11     | Killed an angel
 13530 | D:12     | Gained Beowulf as an ally
 13551 | D:12     | Found a portal to a secret trove of treasure.
 13855 | D:12     | Noticed an orc warlord
 13885 | D:12     | Noticed an orc knight
 13891 | D:12     | Reached XP level 12. HP: 88/106 MP: 18/18
 13912 | D:12     | Reached skill level 9 in Shields
 13990 | D:12     | Found a roughly hewn altar of Beogh.
 13992 | D:12     | Noticed an orc high priest
 14000 | D:12     | Killed an orc high priest
 14127 | D:12     | Reached skill level 10 in Fighting
 14150 | D:12     | Noticed a boulder beetle
 14151 | D:12     | Killed a centaur warrior
 14156 | D:12     | Killed a boulder beetle
 14328 | D:13     | Noticed a death knight
 14340 | D:13     | Killed a death knight
 14447 | D:13     | Noticed a vault guard
 14492 | D:13     | Found a gate leading to a gauntlet.
 14532 | Gauntlet | Entered a Gauntlet
 14532 | Gauntlet | Found a transporter.
 14532 | Gauntlet | Found a transporter.
 14532 | Gauntlet | Noticed a tengu warrior
 14584 | Gauntlet | Found a transporter.
 14587 | Gauntlet | Found a transporter.
 14598 | Gauntlet | Found a transporter.
 14598 | Gauntlet | Found a transporter.
 14614 | Gauntlet | Found a transporter.
 14624 | Gauntlet | Found a transporter.
 14641 | Gauntlet | Found a transporter.
 14644 | Gauntlet | Found a transporter.
 14654 | Gauntlet | Found a transporter.
 14667 | Gauntlet | Found a transporter.
 14770 | Gauntlet | Killed a tengu warrior
 14792 | Gauntlet | Reached skill level 10 in Shields
 14803 | Gauntlet | Got a translucent marble ring
 15004 | Gauntlet | Identified the ring "Lueto" {rElec rF+ Dex+4} (You found it
                  | in a Gauntlet)
 15031 | Gauntlet | Got a fine cloak
 15042 | Gauntlet | Identified the +1 cloak of Leapfrog {Rampage Will- MP+9
                  | Str+3} (You found it in a Gauntlet)
 15134 | Gauntlet | Reached skill level 10 in Invocations
 15146 | Gauntlet | Got a polished quarterstaff
 15150 | Gauntlet | Got a pair of faintly humming boots
 15161 | Gauntlet | Identified the cursed -5 pair of boots of Dogma {rF++ rC+
                  | Regen+ Str-5 Int-2} (You found it in a Gauntlet)
 15203 | Gauntlet | Identified the +1 buckler of Hadjma {*Slow rF+ rN+}
 15203 | Gauntlet | Noticed a minotaur
 15216 | Gauntlet | Killed a minotaur
 15217 | Gauntlet | Reached skill level 10 in Armour
 15521 | D:13     | Noticed a vault guard
 15536 | D:13     | Killed a vault guard
 15550 | D:13     | Killed a vault guard
 15608 | D:13     | Noticed a deep elf knight
 15608 | D:13     | Noticed a vault guard
 15608 | D:13     | Noticed an ogre mage
 15616 | D:13     | Killed a deep elf knight
 15623 | D:13     | Killed a vault guard
 15625 | D:13     | Killed an ogre mage
 15636 | D:13     | Found a gate to the Vaults.
 15636 | D:13     | Noticed a vault guard
 15636 | D:13     | Noticed a vault guard
 15646 | D:13     | Killed a vault guard
 15646 | D:13     | Reached ****** piety under Beogh
 15647 | D:13     | Reached skill level 11 in Shields
 15647 | D:13     | Reached XP level 13. HP: 51/114 MP: 20/20
 15648 | D:13     | Killed a vault guard
 15648 | D:13     | Gained Wardok as an ally
 15649 | D:13     | Reached skill level 15 in Axes
 16239 | Orc:1    | Entered Level 1 of the Orcish Mines
 16605 | Orc:2    | Entered Level 2 of the Orcish Mines
 16605 | Orc:2    | Found a staircase to the Elven Halls.
 16666 | Orc:2    | Found Emic's Magic Scroll Boutique.
 16666 | Orc:2    | Found Epeasu's Antique Weapon Emporium.
 16670 | Orc:2    | Found Aqickitu's Distillery.
 16673 | Orc:2    | Found Xodghug's Antique Armour Shoppe.
 16699 | Orc:2    | Bought a pair of fine gloves for 228 gold pieces
 16712 | Orc:2    | Identified the cursed +0 pair of gloves "Qoshedad" {MP+9}
                  | (You bought it in a shop on level 2 of the Orcish Mines)
 16717 | Orc:2    | Bought a scroll of identify for 26 gold pieces
 16717 | Orc:2    | Bought a scroll of identify for 26 gold pieces
 16717 | Orc:2    | Bought a scroll of identify for 26 gold pieces
 16723 | Orc:2    | Bought a potion of heal wounds for 65 gold pieces
 16723 | Orc:2    | Bought a potion of heal wounds for 65 gold pieces
 16723 | Orc:2    | Bought a potion of heal wounds for 65 gold pieces
 16723 | Orc:2    | Bought a potion of curing for 39 gold pieces
 17319 | Orc:2    | Noticed Urug
 17328 | Orc:2    | Killed Urug
 17437 | Orc:2    | Found a roughly hewn altar of Beogh.
 17735 | Orc:2    | Gained Bogfrid as an ally
 18461 | Lair:1   | Entered Level 1 of the Lair of Beasts
 18912 | Lair:1   | Gained Morguth as an ally
 18916 | Lair:1   | Gained Orik as an ally
 18990 | Lair:1   | Reached skill level 12 in Shields
 18996 | Lair:1   | Identified the ring of the Devil's Team {Fire *Contam
                  | +Blink rElec}
 19012 | Lair:1   | Gained Hawl as an ally
 19123 | Lair:2   | Noticed Nergalle
 19384 | Lair:2   | Reached XP level 14. HP: 114/124 MP: 22/22
 19739 | Lair:2   | Gained Norbak as an ally
 19905 | Lair:2   | Identified the +3 quarterstaff of Bloody Death {vorpal,
                  | rF+} (You found it in a Gauntlet)
 20025 | Lair:3   | Gained Orbeogh as an ally
 20220 | Lair:3   | Gained Bogrim as an ally
 20432 | Lair:3   | Reached skill level 13 in Shields
 20947 | Lair:4   | Found a staircase to the Swamp.
 21195 | Lair:4   | Found the +8 lance "Wyrmbane" {slay drac, rPois rF+ rC+
                  | AC+3}
 21276 | Lair:4   | Found a hole to the Spider Nest.
 21915 | Lair:5   | Reached skill level 1 in Polearms
 21926 | Lair:5   | Your ally Bogfrid died
 21939 | Lair:5   | Your ally Orbeogh died
 22361 | Lair:5   | Found a staircase to the Slime Pits.
 23020 | Lair:6   | Entered Level 6 of the Lair of Beasts
 23268 | Lair:6   | Gained Orbeogh as an ally
 23396 | Lair:6   | Reached skill level 5 in Polearms
 23751 | Lair:6   | Reached XP level 15. HP: 132/132 MP: 24/24
 24117 | Lair:6   | Reached skill level 14 in Shields
 24508 | Lair:6   | Gained Spirok as an ally
 25364 | Spider:1 | Entered Level 1 of the Spider Nest
 26057 | Spider:1 | Noticed Agnes
 26065 | Spider:1 | Killed Agnes
 26617 | Spider:2 | Reached XP level 16. HP: 77/141 MP: 25/25
 27172 | Spider:2 | Noticed Arachne
 27186 | Spider:2 | Killed Arachne
 27212 | Spider:2 | Reached skill level 10 in Polearms
 27557 | Spider:3 | Got a transparent platinum ring
 27559 | Spider:3 | Identified the ring "Cecim" {+Fly Str+4} (You found it on
                  | level 3 of the Spider Nest)
 27996 | Spider:3 | Reached skill level 15 in Shields
 28901 | Spider:4 | Entered Level 4 of the Spider Nest
 29058 | Spider:4 | Your ally Orik died
 29349 | Spider:4 | Got a gossamer rune of Zot
 30374 | Swamp:1  | Entered Level 1 of the Swamp
 31021 | Swamp:1  | Noticed Frances
 31032 | Swamp:1  | Killed Frances
 31467 | Swamp:2  | Reached skill level 16 in Shields
 31467 | Swamp:2  | Reached XP level 17. HP: 136/149 MP: 27/27
 31473 | Swamp:2  | Noticed Kirke
 31535 | Swamp:2  | Killed Kirke
 31559 | Swamp:2  | HP: 1/149 [acid (9)]
 31971 | Swamp:2  | Noticed Jorgrun
 31978 | Swamp:2  | Killed Jorgrun
 33224 | Swamp:4  | Entered Level 4 of the Swamp
 33968 | Swamp:4  | Got a decaying rune of Zot
 34439 | Swamp:4  | Reached skill level 17 in Shields
 35024 | Vaults:1 | Entered Level 1 of the Vaults
 35433 | Vaults:1 | You fall into a shaft and drop 1 floor!
 35433 | Vaults:2 | Noticed Donald
 35444 | Vaults:2 | Killed Donald
 35597 | Vaults:2 | Reached XP level 18. HP: 109/158 MP: 29/29
 35920 | Vaults:1 | Reached skill level 15 in Invocations
 36908 | Vaults:1 | Gained Morun as an ally
 37403 | Vaults:2 | Noticed Mennas
 37955 | Orc:2    | Bought a scroll of silence for 97 gold pieces
 37965 | Orc:2    | Bought 2 potions of curing for 78 gold pieces
 38232 | Vaults:2 | Your ally Morguth died
 38261 | Vaults:2 | Killed Mennas
 38262 | Vaults:2 | Reached skill level 15 in Armour
 38584 | Vaults:2 | Got a translucent diamond amulet
 38814 | Vaults:2 | Reached skill level 18 in Shields
 38998 | Vaults:2 | Noticed Nikola
 39030 | Vaults:2 | Killed Nikola
 39475 | Vaults:2 | Reached XP level 19. HP: 167/167 MP: 30/30
 39480 | Vaults:2 | Your ally Bogrim died
 39775 | Vaults:2 | Found an ornate altar of the Wu Jian Council.
 40144 | Vaults:3 | Identified the amulet "Humo" {Reflect rN+++ Str+4 Int-4
                  | SH+5} (You found it on level 2 of the Vaults)
 40718 | Vaults:3 | Found a staircase to the Crypt.
 40787 | Vaults:3 | Found a roughly hewn altar of Beogh.
 40821 | Vaults:3 | Gained Grimold as an ally
 40848 | Vaults:3 | Reached skill level 19 in Shields
 40883 | Vaults:3 | Gained Bogmar as an ally
 40888 | Vaults:3 | Your ally Bogmar died
 41255 | Vaults:3 | Gained Gorm as an ally
 41578 | Vaults:4 | Gained Morun as an ally
 41695 | Vaults:4 | Your ally Grimold died
 41700 | Vaults:4 | Noticed Boris
 41709 | Vaults:4 | Killed Boris
 41974 | Vaults:4 | Reached skill level 15 in Polearms
 42052 | Vaults:4 | Noticed Bai Suzhen
 42058 | Vaults:4 | Gained Gorm as an ally
 42062 | Vaults:4 | Killed Bai Suzhen
 42203 | Vaults:4 | Found Zanaef's Antique Armour Shop.
 42383 | Vaults:4 | Reached XP level 20. HP: 169/177 MP: 32/32
 42429 | Vaults:4 | Reached skill level 15 in Fighting
 42974 | Vaults:5 | Entered Level 5 of the Vaults
 43018 | Vaults:5 | Reached skill level 20 in Shields
 43419 | Vaults:5 | Noticed a golden dragon
 43514 | Vaults:5 | Noticed a golden dragon
 43516 | Vaults:5 | Your ally Spirok died
 43528 | Vaults:5 | Killed a golden dragon
 43618 | Vaults:5 | Killed a golden dragon
 43698 | Vaults:5 | Noticed a golden dragon
 43717 | Vaults:5 | Killed a golden dragon
 43720 | Vaults:5 | Your ally Spirok died
 43866 | Vaults:5 | Reached skill level 1 in Evocations
 44074 | Vaults:5 | Identified the +1 robe of Calculation {rCorr}
 44308 | Vaults:5 | Reached XP level 21. HP: 159/187 MP: 33/33
 44410 | Vaults:5 | Noticed Boris
 44418 | Vaults:5 | Killed Boris
 44701 | Vaults:5 | Reached skill level 21 in Shields
 44708 | Vaults:5 | Noticed an ancient lich
 44716 | Vaults:5 | Killed an ancient lich
 44796 | Vaults:5 | Got a silver rune of Zot
 45719 | Vaults:5 | Got a shimmering turquoise ring
 45720 | Vaults:5 | Identified the ring of Beclat {+Fly Int+2} (You found it on
                  | level 5 of the Vaults)
 45845 | Vaults:5 | Gained Bogric as an ally
 46068 | Vaults:5 | Got a transparent tin ring
 46070 | Vaults:5 | Identified the ring "Ecworr" {*Tele rPois} (You found it on
                  | level 5 of the Vaults)
 46133 | Vaults:5 | Got a dazzling great sword
 46372 | Vaults:5 | Identified the +8 great sword of Sunlight {flame, rPois rF-
                  | Dex+2} (You found it on level 5 of the Vaults)
 47155 | Orc:2    | Bought a scroll of acquirement for 676 gold pieces
 47155 | Orc:2    | Acquired an uncursed ring of protection from cold
 48141 | D:14     | Got a transparent diamond amulet
 48142 | D:14     | Identified the amulet of Disaster {Inacc rPois} (You found
                  | it on level 14 of the Dungeon)
 48750 | D:15     | Entered Level 15 of the Dungeon
 48853 | D:15     | Found a frozen archway.
 48854 | D:15     | Found Wavvar's Magic Scroll Boutique.
 48854 | D:15     | Noticed Rupert
 48871 | D:15     | Killed Rupert
 49018 | IceCv    | Entered an ice cave
 49234 | IceCv    | Reached XP level 22. HP: 198/198 MP: 34/34
 49303 | IceCv    | Gained Borgoth as an ally
 49429 | IceCv    | Your ally Borgoth died
 50005 | D:15     | Found a staircase to the Depths.
 50155 | Depths:1 | Entered Level 1 of the Depths
 50280 | Depths:1 | Noticed Boris
 50294 | Depths:1 | Killed Boris
 50459 | Depths:1 | Reached skill level 22 in Shields
 50635 | Depths:1 | Found a one-way gate to the infinite horrors of the Abyss.
 50901 | Depths:1 | Found a gateway to Hell.
 51013 | Depths:1 | Found a shimmering altar of Xom.
 51217 | Depths:1 | Noticed Louise
 51225 | Depths:1 | Killed Louise
 51595 | Depths:2 | Gained Ognian as an ally
 51617 | Depths:2 | Gained Gorg as an ally
 51700 | Depths:2 | Found a hide-covered altar of Uskayaw.
 51724 | Depths:2 | Gained Zartorak as an ally
 51773 | Depths:2 | Your ally Gorg died
 51781 | Depths:2 | Your ally Beowulf died
 51795 | Depths:2 | Noticed a golden dragon
 51817 | Depths:2 | Your ally Morun died
 51836 | Depths:2 | Your ally Zartorak died
 51838 | Depths:2 | Your ally Bogrim died
 52512 | Depths:2 | Killed a golden dragon
 52795 | Depths:2 | Found a basalt altar of Yredelemnul.
 53328 | Depths:2 | Found an opulent altar of Gozag.
 53468 | Depths:2 | Found an ancient bone altar of Kikubaaqudgha.
 53843 | Depths:3 | Your ally Bogric died
 53861 | Depths:3 | Reached XP level 23. HP: 138/206 MP: 36/36
 54082 | Depths:3 | Found a one-way gate leading to the halls of Pandemonium.
 54259 | Depths:3 | Reached skill level 23 in Shields
 54507 | Depths:3 | Got a smoking demon blade
 54753 | Depths:3 | Noticed a caustic shrike
 54763 | Depths:3 | Killed a caustic shrike
 54791 | Depths:3 | Identified the +2 demon blade of the Purple Skies {vamp,
                  | Int+7} (You found it on level 3 of the Depths)
 54976 | Depths:3 | Noticed a juggernaut
 54984 | Depths:3 | Killed a juggernaut
 55563 | Depths:4 | Noticed a juggernaut
 55570 | Depths:4 | Noticed a golden dragon
 55599 | Depths:3 | Killed a juggernaut
 55632 | Depths:3 | Killed a golden dragon
 56590 | Depths:4 | Noticed a golden dragon
 56596 | Depths:4 | Killed a golden dragon
 57018 | Depths:4 | Reached skill level 24 in Shields
 57137 | Depths:5 | Entered Level 5 of the Depths
 57528 | Slime:1  | Entered Level 1 of the Pits of Slime
 57573 | Slime:1  | Reached XP level 24. HP: 208/216 MP: 36/36
 57657 | Slime:3  | Gained Gorbash as an ally
 58017 | Slime:4  | Your ally Gorbash died
 58120 | Slime:5  | Entered Level 5 of the Pits of Slime
 59704 | Slime:5  | Noticed the Royal Jelly
 59713 | Slime:5  | Gained Hilgar as an ally
 59726 | Slime:5  | Was placed under penance by Beogh
 59737 | Slime:5  | Your ally Hilgar died
 59741 | Slime:5  | Killed the Royal Jelly
 60731 | Slime:5  | Got a slimy rune of Zot
 60773 | Slime:5  | Acquired a manual of Evocations
 60888 | Slime:5  | Identified the Incunabulum of Moulding and Darkness
 60921 | Slime:5  | Identified the +4 spear "Myegyug" {vorpal, rElec} (You
                  | found it on level 5 of the Pits of Slime)
 60929 | Slime:5  | Identified the cursed +0 battleaxe "Cumioty" {speed, rElec
                  | rF+++ rC+ Int-3} (You found it on level 5 of the Pits of
                  | Slime)
 60962 | Slime:5  | Identified the cursed +1 spear "Toiseugau" {vamp, rN+ Str+5
                  | Dex-5} (You found it on level 5 of the Pits of Slime)
 60964 | Slime:5  | Identified the +9 great sword "Xeath" {vorpal, Str+5 Dex+4}
                  | (You found it on level 5 of the Pits of Slime)
 62725 | Depths:5 | Found a gateway to a ziggurat.
 62767 | Depths:5 | Was forgiven by Beogh
 62803 | Depths:5 | Found a bloodstained altar of Trog.
 62837 | Depths:5 | Identified the Collected Works on the Frostbite and
                  | Enchantment
 63040 | Depths:5 | Reached XP level 25. HP: 158/225 MP: 36/36
 63289 | Depths:5 | Found a runed translucent door.
 63294 | Depths:5 | Found a runed translucent door.
 63294 | Depths:5 | Found a runed translucent door.
 63301 | Depths:5 | Found a runed translucent door.
 63328 | Depths:5 | Found a runed translucent door.
 63328 | Depths:5 | Found a runed translucent door.
 63436 | Depths:5 | Reached skill level 5 in Evocations
 63497 | Depths:5 | Found a gate to the Realm of Zot.
 63742 | Hell     | Entered the Vestibule of Hell
 63742 | Hell     | Noticed Geryon
 64158 | Hell     | Killed Geryon
 64559 | Hell     | Found a gateway to the ashen valley of Gehenna.
 64602 | Geh:1    | Entered Level 1 of Gehenna
 65438 | Geh:2    | HP: 10/228 [hellion/damnation (39)]
 65443 | Geh:2    | Killed from afar by a hellion

Illustrated notes

Levels and vault maps discovered:
D:1:      amcnicky_arrival_single_pillar, layout_loops_ring,
          chequers_serial_rivers_micro_c
D:2:      layout_loops_cross
D:3:      layout_loops_ring, nicolae_ru_awakened_eye, guppyfry_early_orc_mine,
          uniq_terence
D:4:      layout_loops_corners, dancing_weapons_uskayaw, minmay_crystal_water,
          minmay_snake_closets, uniq_blork_the_orc
D:5:      layout_cave_pools, temple_statues, serial_column_ruins,
          column_ruins_square_medium, column_ruins_columns_straight,
          column_ruins_grid_3, column_ruins_corridor_corner,
          column_ruins_grid_3, column_ruins_open_tiny, uniq_duvessa,
          uniq_prince_ribbit1
D:6:      layout_loops_cross, kennysheep_little_box, serial_shops, shop,
          minmay_misc_feat_pillars
D:7:      layout_cave_pools, lemuel_round_altar, serial_gnoll_camp,
          gnoll_camp_mini_doghouse, gnoll_camp_mini_basic,
          gnoll_camp_mini_house, gnoll_camp_mini_hut, gnoll_camp_medium_01,
          gnoll_camp_mini_doghouse, uniq_harold, uniq_pikel
D:8:      layout_basic, nicolae_ossuary_entry_giza, uniq_erica, uniq_gastronok
D:9:      layout_rooms, minitemple, david_lair_shrubbed, hiddenorc1_lemuel,
          abandoned_shop, corexii_leaking_fountain
D:10:     layout_cross, serial_park
D:11:     layout_stronghold, lemuel_angel_altar
D:12:     orc_temple, layout_cave_pools, nicolae_trove_entry_isolated,
          nrook_guardian_serpent_ordinary
D:13:     layout_loops_cross, grunt_vaults_entry_fortified,
          gauntlet_entry_generic
D:14:     layout_cave_pods, amcnicky_mini_rare_corridor_liquid
D:15:     grunt_enter_depths_snipers, layout_loops_ring, serial_shops, shop,
          serial_aquarium, aquarium_bridge_long_separate
          [aquarium_subvault_wall, aquarium_subvault_balcony,
          aquarium_subvault_bridge, aquarium_subvault_bridge,
          aquarium_subvault_bridge, aquarium_subvault_wall],
          aquarium_window_fake, aquarium_window_fake,
          aquarium_window_corridor_3, aquarium_view_2b, aquarium_view_2f,
          aquarium_balcony_1a, aquarium_pool_corner,
          portal_ice_cave_entry_pillars_2, uniq_rupert
Lair:1:   wad_woods_minihive, layout_misc_corridors, lemuel_fruit_tree
Lair:2:   layout_hall_layers, grunt_forest_large_clearings, grunt_megastairs_1,
          uniq_nergalle
Lair:3:   layout_cave_pods, grunt_megastairs_4
Lair:4:   layout_long_grid, minmay_swamp_entry_reptiles,
          nicolae_spider_entry_tight_spaces, lemuel_fruit_fields,
          serial_bayou_shore_b
Lair:5:   beast_lair_carwin_large_1, layout_long_grid,
          nicolae_slime_entry_slimehenge, infiniplex_staircase_pool_2
Lair:6:   hangedman_lair_caniforms_friends, layout_hall_layers,
          hangedman_lair_in_review, serial_forest, infiniplex_forest_corner_2,
          infiniplex_forest_diagonal, infiniplex_forest_lined_2,
          infiniplex_forest_clump_tiny, infiniplex_forest_clump_large,
          infiniplex_forest_clump_small, minmay_lair_oklob_chamber
Swamp:1:  layout_basic_swamp, evilmike_swamp_ruin_house_4, uniq_frances
Swamp:2:  layout_basic_swamp, hangedman_swamp_pad, swamp_pool3, uniq_kirke,
          uniq_jorgrun
Swamp:3:  layout_falls_marsh, evilmike_swamp_ruin_house_5
Swamp:4:  swamp_fiery, layout_basic_swamp
Spider:1: layout_spider_delve, uniq_agnes
Spider:2: layout_spider_delve, uniq_arachne
Spider:3: layout_chambers, spiders_nest_hornet_nest,
          hangedman_spider_tarantella_strand
Spider:4: grunt_spider_rune_parallel
Slime:1:  layout_caves, cheibrodos_slime_lost_civilization_5
Slime:2:  layout_caves
Slime:3:  layout_caves
Slime:4:  layout_caves
Slime:5
Orc:1:    layout_diamond_mine
Orc:2:    st_orc_rangers, layout_caves, minmay_orc_temple_c, uniq_urug
Vaults:1: hangedman_vaults_cutoff, hangedman_vaults_stream, vaults_dpeg_cross,
          ontoclasm_vaults_eye, st_cross, vaults_dpeg_ring,
          ontoclasm_vaults_gateway, layout_vaults_quadrants
Vaults:2: ontoclasm_vaults_loading_screen, vaults_dpeg_doors,
          nicolae_vaults_good_morning_starshine, hangedman_vaults_nodes,
          ontoclasm_vaults_hangar, v_misc_2, vaults_standard_mumra_lines,
          v_misc_4, hangedman_vaults_snaps, v_misc_27, nicolae_vaults_little_ls,
          vaults_room_fancy_cross, layout_vaults_omnibox, basic_altar,
          uniq_donald, uniq_nikola, uniq_mennas
Vaults:3: minmay_crypt_entry_simple_round, v_rooms_4,
          hangedman_vaults_restitches, special_room_vaults [special_room_orc],
          nicolae_vaults_theta, ontoclasm_vaults_hangar, v_misc_26,
          vaults_standard_mumra_x, nicolae_vaults_diagonal_hallway_7, v_rooms_4,
          vaults_room_pool, hangedman_vaults_locks, serial_ice_h,
          hangedman_vaults_corner_blocks, ontoclasm_vaults_claustrophobia,
          layout_vaults_maze
Vaults:4: grunt_vaults_trifunnel, nicolae_vaults_arrows,
          nicolae_vaults_big_angled_halls, hangedman_vaults_hat,
          vaults_dpeg_spiral, serial_ice_m, nicolae_vaults_asterisk, v_rooms_3,
          nicolae_vaults_border_crossing, v_misc_12, vaults_room_stairs_pillars,
          layout_vaults_chaotic_city, serial_shops, shop, uniq_boris,
          uniq_bai_suzhen
Vaults:5
Depths:1: layout_gridville, hell_entry, nrook_mini_backslash,
          nicolae_abyss_entry_one_way_or_another,
          chequers_serial_rivers_small_3, fountainhead, xom_teletrap_fun
Depths:2: grunt_profane_halls [grunt_profane_temple_coc,
          grunt_profane_temple_geh, grunt_profane_temple_tar,
          grunt_profane_temple_dis, grunt_profane_loot], abyss_entry, hell_entry
Depths:3: minmay_swirls_squares, layout_gridlike, roderic_nine_men_s_morris,
          grunt_pan_entry_in_and_out, hangedman_coc_ice_floe
Depths:4: grunt_crosshair, layout_basic, marbit_kobold_abyss_entry,
          grunt_mini_vestibule, minmay_misc_feat_encased, serial_bayou_pond_c
Depths:5: evilmike_zot_entry_castle, layout_gridlike, enter_ziggurat_e,
          hell_entry, evilmike_spriggan_trog_shrine
Hell
Geh:1:    grunt_deathspiral_small, layout_gehenna_pools_basic
Geh:2:    layout_gehenna_lava_caves, evilmike_ambush
          [evilmike_ambush_outer_basic, evilmike_ambush_inner_basic]

Skill      XL: |  1  2  3  4  5  6  7  8  9 10 11 12 13 14 15 16 17 18 19 20 21 22 23 24 25 |
---------------+----------------------------------------------------------------------------+-----
Fighting       | 4 5 6 7 9 10 11 12 13 14 15 16 17 18 19 | 19.2
Armour         | 1 2 3 4 5 6 7 9 10 11 12 13 14 15 16 17 18 19 | 19.2
Axes           | 5 6 7 8 9 11 12 13 14 15 16 | 16.4
Shields        | 1 2 3 4 6 8 11 12 13 14 16 17 18 19 20 21 22 24 | 24.7
Invocations    | 1 2 4 6 8 9 10 11 12 13 14 15 16 17 18 19 | 19.5
Polearms       | 5 9 11 13 14 15 16 17 18 19 20 | 20.4
Evocations     | 1 3 7 |  7.2
Maces & Flails | |  0.6
Dodging        | |  2.4
Stealth        | |  1.9

Action                   |  1- 3 |  4- 6 |  7- 9 | 10-12 | 13-15 | 16-18 | 19-21 | 22-24 | 25-27 || total
-------------------------+-------+-------+-------+-------+-------+-------+-------+-------+-------++-------
Melee: Hand axe          |   136 |   168 |   312 |   134 |       |       |       |       |       ||   750
       Kick              |     1 |    49 |   119 |    43 |       |       |       |       |       ||   212
       Whip              |       |       |    26 |    29 |    21 |       |       |       |       ||    76
       Scimitar          |       |       |       |     6 |       |       |       |       |       ||     6
       War axe           |       |       |       |   257 |   396 |       |    62 |       |       ||   715
       Trident           |       |       |       |    15 |       |       |       |       |       ||    15
       Lance             |       |       |       |       |   571 |  1263 |  1052 |  1807 |   627 ||  5320
Invok: Convert to Beogh  |       |     1 |       |       |       |       |       |       |       ||     1
       Recall Orcish Fol |       |       |       |     4 |    27 |    22 |    16 |    11 |     2 ||    82
       Give Item to Name |       |       |       |     2 |     7 |     3 |     2 |     5 |       ||    19
       Stop Recall       |       |       |       |       |     6 |     9 |     6 |     7 |     2 ||    30
       Resurrection      |       |       |       |       |       |       |     4 |       |       ||     4
       Smiting           |       |       |       |       |       |       |     2 |       |       ||     2
Evoke: Wand              |       |       |       |     1 |     5 |     3 |     6 |     3 |       ||    18
  Use: Scroll            |     6 |     2 |     4 |     8 |    15 |    12 |    15 |    17 |     5 ||    84
       Potion            |     2 |     2 |     2 |     3 |     1 |    12 |    16 |     7 |     7 ||    52
 Stab: Sleeping          |     4 |     3 |     4 |       |       |       |       |       |       ||    11
       Distracted        |       |       |       |     3 |    14 |    13 |    17 |    18 |     3 ||    68
       Paralysed         |       |       |       |       |     5 |       |       |     3 |       ||     8
       Held in net/web   |       |       |       |       |       |     1 |       |       |       ||     1
       Invisible         |       |       |       |       |       |       |       |       |    17 ||    17
Armor: Robe              |    28 |    13 |       |       |       |       |       |       |       ||    41
       Leather armour    |       |    19 |    96 |    31 |       |       |       |       |       ||   146
       Scale mail        |       |       |       |   119 |       |       |       |       |       ||   119
       Chain mail        |       |       |       |       |   339 |   401 |   166 |   364 |   140 ||  1410
Dodge: Dodged            |   103 |    76 |   168 |   104 |   213 |   200 |   107 |   252 |    89 ||  1312
Block: Other             |       |    31 |    80 |    14 |       |       |       |       |       ||   125
       Reflection        |       |     1 |     1 |    17 |    30 |    47 |   102 |    62 |     8 ||   268
       Kite shield       |       |       |       |   255 |   694 |   712 |       |   992 |   446 ||  3099
       Tower shield      |       |       |       |       |       |   139 |   732 |   326 |       ||  1197
       Rpst.: Scimitar   |       |       |       |     1 |       |       |       |       |       ||     1
